Cogmind - Beta 15 @@@ ROGUE MODE // 2025.07.07 @ 21:29:50 Player: Rockstar Result: Destroyed by G-50 Soldier with Heavy Laser Performance ------------- Evolutions (1) 500 Regions Visited (5) 1000 Robots Destroyed (35) 175 Value Destroyed (811) 811 Prototype IDs (0) 0 Alien Tech Used (0) 0 Bonus (0) 0 TOTAL SCORE: 2486 Bonus ------- None Cogmind --------- Core Integrity 0/400 Matter 290/300 Energy 263/265 System Corruption 0% Temperature Cool (10) Movement Treading (240) Ox1 Location -8/Mines Parts ------- > --- POWER (1) -------- Reinforced Ion Engine > --- PROPULSION (2) --- Light Treads > --- UTILITY (4) ------ Improved Heat Sink Medium Storage Unit Medium Storage Unit Signal Interpreter > --- WEAPON (2) ------- (None) > --- INVENTORY (10) --- Ion Engine Light Ion Engine Light Nuclear Core Sensor Array Peak State ------------ > --- POWER ------------ Reinforced Ion Engine > --- PROPULSION ------- Improved Treads Improved Treads > --- UTILITY ---------- Cooling System Medium Storage Unit Signal Interpreter Hardened Light Armor Plating > --- WEAPON ----------- Medium Laser Beam Cannon > --- INVENTORY -------- Ion Engine Light Ion Engine Light Treads Improved Treads Cooling System Medium Storage Unit Sensor Array Assault Rifle Grenade Launcher Mining Laser [Rating: 15] Favorites ----------- Power Reinforced Ion Engine Engine Reinforced Ion Engine Propulsion Improved Treads Treads Improved Treads Utility Cooling System Device Cooling System Storage Medium Storage Unit Processor Signal Interpreter Protection Hardened Light Armor Plating Weapon Medium Laser Energy Gun Medium Laser Energy Cannon Beam Cannon Ballistic Gun Assault Rifle Launcher Grenade Launcher Special Weapon Mining Laser Build | -11 -10 -9 -9 -9 -8 ------- Run | Yrd Mat Mat Min Exi Min Slots Evolved 2 | . . 2 . . . Power . | . . . . . . Propulsion . | . . . . . . Utility 2 | . . 2 . . . Weapon . | . . . . . . Parts Attached 25 | 6 2 9 2 1 5 Power 2 | 1 . . 1 . . Engine 2 | 1 . . 1 . . Core . | . . . . . . Reactor . | . . . . . . Propulsion 5 | 2 . 2 . . 1 Treads 5 | 2 . 2 . . 1 Leg . | . . . . . . Wheel . | . . . . . . Hover . | . . . . . . Flight . | . . . . . . Utility 13 | 1 1 6 1 1 3 Device 7 | . 1 4 . . 2 Storage 4 | 1 . 1 . 1 1 Processor 1 | . . 1 . . . Hackware . | . . . . . . Protection 1 | . . . 1 . . Artifact . | . . . . . . Weapon 5 | 2 1 1 . . 1 Energy Gun 1 | 1 . . . . . Energy Cannon 1 | . . 1 . . . Ballistic Gun 1 | 1 . . . . . Ballistic Cannon . | . . . . . . Launcher 1 | . 1 . . . . Special Weapon 1 | . . . . . 1 Impact Weapon . | . . . . . . Slashing Weapon . | . . . . . . Piercing Weapon . | . . . . . . Special Melee Weapon . | . . . . . . Unidentified Prototypes . | . . . . . . Parts Lost 11 | . . . . . 11 Power . | . . . . . . Propulsion 3 | . . . . . 3 Utility 3 | . . . . . 3 Weapon 5 | . . . . . 5 Highest Loss Streak 8 | . . . . . 8 To Critical Strikes . | . . . . . . Average Backups 8 | 2 6 8 10 10 8 Power 1 | . 1 1 2 2 2 Propulsion 1 | 1 2 2 2 2 . Utility 2 | . . 1 3 3 2 Weapon 2 | . 2 2 3 3 2 Tool/Special . | . . . . . . Unused Backups 8 | . . 5 1 . 2 Power 3 | . . . 1 . 2 Propulsion 3 | . . 3 . . . Utility . | . . . . . . Weapon 2 | . . 2 . . . Tool/Special . | . . . . . . Average Slot Usage (%) 98 | . 98 96 100 100 93 Engine 11 | . 14 11 11 11 11 Treads 22 | . 28 22 22 22 20 Device 20 | . 12 27 21 22 13 Storage 11 | . 14 11 11 11 11 Processor 8 | . . 2 11 11 11 Protection 1 | . . . . . 8 Energy Gun 8 | . 9 2 11 11 7 Energy Cannon 8 | . . 2 11 11 7 Ballistic Gun 2 | . 14 8 . . 1 Launcher 1 | . 4 8 . . . Peak Build Rating 15 | 6 7 13 15 14 15 Average Rating 12 | 4 6 11 14 14 13 On Entrance 9 | . 6 7 13 14 14 Naked Turns . | . . . . . . Heaviest Build 32 | 14 16 23 32 28 32 Greatest Support 46 | 40 40 46 46 46 46 Greatest Overweight (x) 3 | 3 . . . . 1 Average Overweight (x) . | . . . . . . Largest Inventory Capacity 10 | 8 8 10 10 10 10 Average Capacity 9 | 7 8 8 10 10 10 Most Carried 10 | 4 8 10 10 10 10 Average Carried 8 | 2 6 8 10 10 7 Final Capacity 10 | 8 8 10 10 10 10 Final Carried 10 | 4 8 10 10 10 4 Class Distribution -------------------- 100% | Mutant Dominant Class ---------------- Mutant | -10/Materials Mutant | -9/Materials Mutant | -9/Mines Mutant | -9/Exiles Mutant | -8/Mines Resources | -11 -10 -9 -9 -9 -8 ----------- Run | Yrd Mat Mat Min Exi Min Matter Collected 799 | 233 41 101 301 . 123 Remotely 101 | . . 101 . . . Salvage Created 888 | . 80 162 426 . 220 Parts 53 | . 15 9 14 . 15 Haulers Intercepted . | . . . . . . Recyclers Shooed 1 | . . 1 . . . Parts Field Recycled . | . . . . . . Retrieved Matter . | . . . . . . Parts Self-Destructed . | . . . . . . Prevented . | . . . . . . Kills | -11 -10 -9 -9 -9 -8 ------- Run | Yrd Mat Mat Min Exi Min Combat Hostiles Destroyed 31 | . 7 4 9 . 11 Melee 1 | . . . . . 1 Guns 8 | . 1 1 1 . 5 Cannons 11 | . . 1 5 . 5 AOE 11 | . 6 2 3 . . Classes Destroyed 6 | . 3 1 2 . . Recycler 2 | . . . 2 . . Watcher 2 | . 2 . . . . Swarmer 17 | . 6 . 4 . 7 Grunt 12 | . 1 3 4 . 4 Brawler 1 | . . . 1 . . Sentry 1 | . . 1 . . . Best Kill Streak 5 | . 4 2 5 . 4 Combat Bots Only 4 | . 3 2 4 . 4 Max Kills in Single Turn 4 | . 3 1 4 . 1 Gunslinging . | . . . . . . Exploded 3 | . 2 1 3 . . Melee 1 | . . . . . 1 Uniques/NPCs Destroyed . | . . . . . . Combat | -11 -10 -9 -9 -9 -8 -------- Run | Yrd Mat Mat Min Exi Min Hostile Shots Fired 200 | . 30 20 26 . 124 Missed 44 | . 12 3 6 . 23 Hits 156 | . 18 17 20 . 101 Projectile 156 | . 18 17 20 . 101 Critical Strikes 4 | . . . . . 4 Damage Taken 2082 | . 194 209 232 . 1447 Core 445 | . 30 22 32 . 361 Absorbed by Shields . | . . . . . . Core Remaining (%) 94 | 100 88 . . . . Volleys Fired 71 | . 9 13 16 . 33 Largest 2 | . 2 2 2 . 2 Hottest 120 | . 70 110 110 . 120 Shots Fired 125 | . 18 25 32 . 50 Gun 70 | . 12 12 14 . 32 Cannon 33 | . . 5 16 . 12 Launcher 17 | . 6 8 2 . 1 Special 5 | . . . . . 5 Kinetic 37 | . 9 7 . . 21 Thermal 71 | . 3 10 30 . 28 Explosive 17 | . 6 8 2 . 1 Electromagnetic . | . . . . . . Robot Hit Streak 11 | . 6 5 11 . 9 Robot Miss Streak 3 | . 2 3 1 . 3 Penetration Max . | . . . . . . Secondary Targets . | . . . . . . Shots Hit Robots 85 | . 11 15 24 . 35 Core Hits 54 | . 10 10 17 . 17 Critical Kills . | . . . . . . Critical Parts Destroyed . | . . . . . . Critical Strikes 1 | . . . 1 . . Burn 1 | . . . 1 . . Melee Attacks . | . . . . . . Impact . | . . . . . . Slashing . | . . . . . . Piercing . | . . . . . . Sneak Attacks . | . . . . . . Combat Hostiles . | . . . . . . Follow-up Attacks . | . . . . . . Damage Inflicted 1925 | . 467 385 501 . 572 Guns 594 | . 71 89 137 . 297 Cannons 379 | . . 51 224 . 104 Explosions 842 | . 391 245 140 . 66 Melee . | . . . . . . Ramming 14 | . 5 . . . 9 Kinetic 292 | . 34 37 . . 221 Thermal 777 | . 37 103 361 . 276 Explosive 842 | . 391 245 140 . 66 Electromagnetic . | . . . . . . Impact . | . . . . . . Slashing . | . . . . . . Piercing . | . . . . . . Highest Corruption . | . . . . . . Average Corruption . | . . . . . . Corruption Purged . | . . . . . . Corruption Blocked . | . . . . . . Overload Shots . | . . . . . . Overflow Damage 42 | . 30 1 . . 11 Projectiles 11 | . . . . . 11 Explosions 31 | . 30 1 . . . Melee . | . . . . . . Knockbacks . | . . . . . . Impact . | . . . . . . Kinetic . | . . . . . . Secondary . | . . . . . . Self-Inflicted Damage 71 | . 38 . 21 . 12 Shots 4 | . 2 . 1 . 1 Rammed 6 | . 1 . . . 5 Targets Rammed 7 | . 1 . . . 6 Kicked . | . . . . . . Crushed 1 | . . . . . 1 Highest Temperature 39 | . 39 . 22 . 29 Average Temperature 14 | . 22 . 12 . 10 Received Heat Transfer 894 | . 27 90 102 . 675 Siege Activations . | . . . . . . Martial Activations . | . . . . . . Shielding Activations . | . . . . . . Robots Disrupted . | . . . . . . Combat Hostiles . | . . . . . . Robots Corrupted . | . . . . . . Combat Hostiles . | . . . . . . Parts Fried . | . . . . . . Impact Corruptions . | . . . . . . Robots Melted . | . . . . . . Combat Hostiles . | . . . . . . Parts Melted 6 | . . 2 4 . . Heat Transferred 1976 | . 111 259 962 . 644 Parts Sabotaged . | . . . . . . Parts Stolen . | . . . . . . Parts Stripped . | . . . . . . Power Chain Reactions . | . . . . . . Alert | -11 -10 -9 -9 -9 -8 ------- Run | Yrd Mat Mat Min Exi Min Maximum Alert Level . | . . . . . . Low Security (%) 100 | 100 100 100 100 . 100 Level 1 . | . . . . . . Level 2 . | . . . . . . Level 3 . | . . . . . . Level 4 . | . . . . . . Level 5 . | . . . . . . High Security . | . . . . . . Max Security . | . . . . . . Peak Influence 165 | . 165 95 115 . 85 Initial 65 | . . 65 27 . . Average 31 | . 47 40 28 . 24 Influence Increases 934 | . 227 183 248 . 276 Destroy 0b10 Robot/C 620 | . 140 80 180 . 220 Destroy 0b10 Robot/NC 20 | . 10 . 10 . . Destroy Leader 114 | . 24 30 30 . 30 Successful Hack 5 | . 2 . 3 . . Disable Machine 60 | . . 30 15 . 15 Destroy Structure 85 | . 36 28 10 . 11 Lose Combat Pursuer 30 | . 15 15 . . . Influence Decreases 934 | . 72 267 319 . 276 Entered New Map 134 | . . 90 44 . . Time Decay 740 | . 72 177 275 . 216 Lost Part 60 | . . . . . 60 Squads Dispatched 3 | . 1 2 . . . Investigation 1 | . 1 . . . . Extermination . | . . . . . . Reinforcement 2 | . . 2 . . . Assault . | . . . . . . Garrison . | . . . . . . Intercept . | . . . . . . Searches Triggered . | . . . . . . Construction Impeded . | . . . . . . Haulers Reinforced . | . . . . . . Active Scanning Responses . | . . . . . . Cargo Convoy Interrupts . | . . . . . . Stealth | -11 -10 -9 -9 -9 -8 --------- Run | Yrd Mat Mat Min Exi Min Distress Signals 2 | . 2 . . . . Communications Jammed . | . . . . . . Distress Signals . | . . . . . . Times Spotted 39 | . 12 7 7 . 13 Peak Tracking Total 4 | . 4 2 4 . 4 Tactical Retreats 2 | . 1 1 . . . Traps | -11 -10 -9 -9 -9 -8 ------- Run | Yrd Mat Mat Min Exi Min Traps Triggered 1 | . 1 . . . . Indirectly . | . . . . . . Trap Hack Attempts . | . . . . . . Triggered . | . . . . . . Disarmed . | . . . . . . Reprogrammed . | . . . . . . Reused . | . . . . . . Traps Extracted . | . . . . . . Installed . | . . . . . . Triggered . | . . . . . . Machines | -11 -10 -9 -9 -9 -8 ---------- Run | Yrd Mat Mat Min Exi Min Machines Disabled 4 | . . 2 1 . 1 Max in Single Turn 1 | . . 1 1 . 1 Machines Repaired . | . . . . . . Machines Dismantled . | . . . . . . Machines Sabotaged . | . . . . . . Overloaded Fab Kills . | . . . . . . Hacking | -11 -10 -9 -9 -9 -8 --------- Run | Yrd Mat Mat Min Exi Min Machines Accessed 7 | . 1 2 1 3 . Terminals 3 | . 1 1 1 . . Fabricators . | . . . . . . Repair Stations 1 | . . 1 . . . Recycling Units . | . . . . . . Scanalyzers . | . . . . . . Garrison Access . | . . . . . . Total Hacks 25 | . 1 3 3 18 . Successful 20 | . 1 . 1 18 . Failed 5 | . . 3 2 . . Catastrophic 1 | . . 1 . . . Database Lockouts . | . . . . . . Manual 5 | . 1 . 3 1 . Terminals 5 | . 1 1 3 . . Fabricators . | . . . . . . Repair Stations 2 | . . 2 . . . Recycling Units . | . . . . . . Scanalyzers . | . . . . . . Garrison Access . | . . . . . . Terminal Hacks 19 | . 1 . . 18 . Record 19 | . 1 . . 18 . Fabricator Hacks . | . . . . . . Repair Station Hacks . | . . . . . . Recycling Unit Hacks . | . . . . . . Scanalyzer . | . . . . . . Garrison Access Hacks . | . . . . . . Unauthorized Hacks 1 | . . . 1 . . Terminals 1 | . . . 1 . . Track 1 | . . . 1 . . Fabricators . | . . . . . . Repair Stations . | . . . . . . Recycling Units . | . . . . . . Scanalyzers . | . . . . . . Garrison Access . | . . . . . . Data Cores Recovered . | . . . . . . Used . | . . . . . . Hacking Detections 4 | . 1 2 1 . . Full Trace Events . | . . . . . . Feedback Events . | . . . . . . Feedback Blocked . | . . . . . . Robot Schematics Acquired . | . . . . . . Robots Built . | . . . . . . Authchips . | . . . . . . Time . | . . . . . . Total Robot Build Rating . | . . . . . . Part Schematics Acquired . | . . . . . . Parts Built . | . . . . . . Authchips . | . . . . . . Time . | . . . . . . Total Part Build Rating . | . . . . . . Parts Repaired . | . . . . . . Time . | . . . . . . Parts Recycled . | . . . . . . Recycled Matter . | . . . . . . Retrieved Matter . | . . . . . . Retrieved Components . | . . . . . . Parts Scanalyzed . | . . . . . . Part Schematics Acquired . | . . . . . . Parts Damaged . | . . . . . . Bothacking | -11 -10 -9 -9 -9 -8 ------------ Run | Yrd Mat Mat Min Exi Min Used RIF Installer . | . . . . . . Robots Hacked . | . . . . . . Non-combat . | . . . . . . Combat . | . . . . . . Robot Hacks Applied . | . . . . . . Relay Couplers Released . | . . . . . . Fabnet Peak Effective % . | . . . . . . Robots Rewired . | . . . . . . Allies Hacked . | . . . . . . Hacks Repelled . | . . . . . . Allies | -11 -10 -9 -9 -9 -8 -------- Run | Yrd Mat Mat Min Exi Min Total Allies . | . . . . . . Largest Group . | . . . . . . Highest-Rated Group . | . . . . . . Highest-Rated Ally . | . . . . . . Total Orders . | . . . . . . Ally Attacks . | . . . . . . Total Damage . | . . . . . . Kills . | . . . . . . Allies Corrupted . | . . . . . . Allies Melted . | . . . . . . Intel | -11 -10 -9 -9 -9 -8 ------- Run | Yrd Mat Mat Min Exi Min Active Infowar (turns) 2740 | . 242 579 1019 844 56 Sensors 2028 | . . 109 1019 844 56 Seismic 716 | . 242 474 . . . Robot Analysis Total . | . . . . . . Derelict Logs Recovered 2 | . . . 2 . . Drone Launches . | . . . . . . Drone Recoveries . | . . . . . . Exploration | -11 -10 -9 -9 -9 -8 ------------- Run | Yrd Mat Mat Min Exi Min Turns Passed 3451 | 74 249 579 1067 844 638 Spaces Moved 1820 | 41 134 251 563 527 304 Core 10 | 10 . . . . . Treads 1810 | 31 134 251 563 527 304 Legs . | . . . . . . Wheels . | . . . . . . Hover . | . . . . . . Flight . | . . . . . . Fastest Speed 50 | 50 160 160 160 160 160 Average Speed 160 | 151 160 160 160 160 166 Slowest Speed 240 | 200 160 160 160 160 240 Overloaded Moves . | . . . . . . Propulsion Burnouts . | . . . . . . Robots Hopped . | . . . . . . Potential Cave-ins . | . . . . . . Cave-ins Triggered . | . . . . . . Exploration Rate (%) 49 | 4 32 25 79 90 66 Regions Visited 5 Branch Regions 3 Pre-discovered Areas 2 | . . . 2 . . Known Exits Taken 3 | . . 1 1 1 . Unknown Exits Taken 2 | 1 1 . . . . Scrap Searched . | . . . . . . Spaces Dug . | . . . . . . Terrain Destroyed 84 | . 34 27 10 . 13 Melee . | . . . . . . Projectile 1 | . . . . . 1 AOE 83 | . 34 27 10 . 12 Terrain Rammed . | . . . . . . Walls Destroyed . | . . . . . . Machines Disabled . | . . . . . . Actions | -11 -10 -9 -9 -9 -8 --------- Run | Yrd Mat Mat Min Exi Min Total 2200 | 50 149 406 696 528 371 Wait 235 | . . 107 112 . 16 Move 1816 | 40 134 250 562 526 304 Hop . | . . . . . . Pick Up 18 | 4 4 9 . . 1 Fast Attach 11 | 6 1 3 . . 1 Attach 8 | . . 1 . . 7 Detach 1 | . . 1 . . . Swap 20 | . 1 10 5 1 3 Drop 14 | . . 12 1 1 . Fire 71 | . 9 13 16 . 33 Melee . | . . . . . . Ram . | . . . . . . Kick . | . . . . . . Crush 6 | . . . . . 6 Escape Stasis . | . . . . . . Rewire . | . . . . . . Trap . | . . . . . . Miscellaneous . | . . . . . . Route ------- -11/Scrapyard -10/Materials (discovered 2 exits: *Mat / [*Min]) -9/Materials -9/Mines (discovered 3 exits: *Mat x2 / *Exi) -9/Exiles (discovered 2 exits: *Min x2) -8/Mines History --------- Turn | Location | Event 15 | -11/Scrapyard | Discovered new exit (range 15) 75 | -11/Scrapyard | Entered Materials 209 | -10/Materials | Discovered new exit (range 16) 283 | -10/Materials | Discovered new exit (range 16) 312 | -10/Materials | Build established: Mutant 324 | -10/Materials | Entered another Materials area 324 | -9/Materials | Evolved 2 slots: Utility x2 809 | -9/Materials | Discovered new exit (range 14) 892 | -9/Materials | Identified exit to Mines 903 | -9/Materials | Entered Mines 912 | -9/Mines | Met a Derelict bent on vengeance 1015 | -9/Mines | Learned location of Zion (-6) 1066 | -9/Mines | Discovered new exit (range 9) 1076 | -9/Mines | Identified exit to Materials 1252 | -9/Mines | Discovered exit to Materials (range 4) 1393 | -9/Mines | Deemed a non-threat by the Exiles lab entrance 1393 | -9/Mines | Discovered new exit (range 5) 1398 | -9/Mines | Identified exit to Exiles 1970 | -9/Mines | Entered Exiles 1970 | -9/Exiles | Found Exiles lab destroyed 1999 | -9/Exiles | Discovered new exit (range 14) 2220 | -9/Exiles | Discovered new exit (range 14) 2238 | -9/Exiles | Identified exit to Mines 2814 | -9/Exiles | Entered Mines 3365 | -8/Mines | Core integrity fell below 50% 3389 | -8/Mines | Lost 8 parts (1n2u5w) 3429 | -8/Mines | Core integrity fell below 20% 3452 | -8/Mines | Destroyed by G-50 Soldier with Heavy Laser Last Messages --------------- K-01 Serf cleans the Laser Drill. K-01 Serf collects debris. Hrd. Light Armor Plating destroyed. Assault Rifle destroyed. Laser Drill disabled. Crushed G-47 Trooper. G-47 Trooper destroyed. Acquired 21 matter. K-01 Serf collects debris. Acquired Imp. Heat Sink. K-01 Serf collects debris. Laser Drill disabled. K-01 Serf collects debris. Critical hit (Burn: +37). Slammed into G-50 Soldier. Imp. Treads destroyed. Slammed into G-50 Soldier. Cooling System destroyed. Slammed into G-50 Soldier. Critical hit (Burn: +37). Map ----- +----------------------------------------------------+ | | | | | | | | | | | | | | | | | | | | | | | | | | | | | | | | | ?????????????????????????????????????????????????? | | ??????????????#####??????????????????????????????? | | ?????????????## ##?????????????????????????????? | | ????????????## #?????????????????????????????? | | ????????????# #?????????????????????????????? | | ????????????# #?????????????????????????????? | | ?????????????# #???????#?????????????????????? | | ???????????????# #?????? #?????????????????????? | | ???????????????## ####### #?????????????????????? | | ????????????????# %## g @ #?????????????????????? | | ????????????????#% ## ######?????????????????????? | | ?????????######## %## ###########????????????????? | | ????????## ## ## $ ????????????? | | ????????# ????????????? | | ????????# ###########???????????????? | | ????????# ## #?????????????????????????? | | ????????# #### ##?????????????????????????? | | ???????## ##??# ##??????????????????????????? | | ###????## #???# ##???????????????????????????? | | #????# #???# ##????????????????????????????? | | ##??# #???# #?????????????????????????????? | | # ### #??? #?????????????????????????????? | | ?# ## ## #?????????????????????????????? | | ??# #?????????????????????????????? | | ???##### ##?????????????????????????????? | | #####??# ##### ##??????????????????????????????? | | #??# ##???# #???????????????????????????????? | | "" #?## #???? #?###???????????????????????????? | | "" ### ##### ## ##??????????????????????????? | | " # # #####??????????????????????? | | ### ## #??????????????????????? | | "" #?# ## #?????????????????????? | | "" ### #### #???? ??????????????????????? | | "" #?###?# ##??????? ??????????????????????? | +----------------------------------------------------+ Best States ------------- Heat Dissipation 64 Energy Generation 12 Energy Capacity 265 Matter Stores 300 Matter Capacity 300 Sight Range 16 Robot Scan Range 14 Terrain Scan Density 10 Armor Coverage 150 Evasion (%) 40 Recoil Reduction 2 Item Schematics ----------------- None Robot Schematics ------------------ None Fabricated ------------ Nothing Repaired ---------- Nothing Alien Tech Used ----------------- None Achievements -------------- None Challenges ------------ None Game ------ Seed ClaymoresContainmentStatue Manual? 0 Play Time 00:33:07 Cumulative 44.5 hours Start 2025.07.07 @ 14:48:10 End 2025.07.07 @ 21:29:50 Sessions 5 Manual Loads 0 Difficulty Rogue Special Mode None Game No. 36 Rogue 33 Adventurer 1 Explorer 2 Win Type - Total 0 Types 0/0/0/0/0/0/0/0/0/0 Lore% 19 Gallery% 29 Achievement% 25 Wizard Run 0 Options --------- Layout 0 ASCII 0 Keyboard 0 Movement Mouse Keybinds 0 Fullscreen 2 Font 24/Smallcaps Map View 76x50 Zoom Use 0% Tactical HUD 0 Map Filters NONE Filters NONE Steam 1 RUN: 36121f88-1cf3-471e-8566-ba1db7b92dac